[Event "Titled Tuesday Blitz August 16 Late 2022"]
[White "Yedidia, Daniel"]
[Black "Csonka, Balazs"]
[WhiteFideId "30905907"]
[BlackFideId "742910"]
[WhiteElo "2054"]
[BlackElo "2404"]
[Result "0-1"]
[Round "05"]
[TimeControl "180+1"]
[Date "2022.08.18"]
[WhiteClock "0:00:00"]
[BlackClock "0:00:00"]

1. d4 Nf6 2. c4 g6 3. Nc3 d5 4. cxd5 Nxd5 5. Bd2 Bg7 6. e4 Nxc3 7. Bxc3 O-O 8. Qd2 c5 9. dxc5 Qxd2+ 10. Kxd2 Rd8+ 11. Bd3 Na6 12. b4 Nxb4 13. Bxb4 Bxa1 14. Ne2 Bg7 15. Ke3 Bd7 16. Rb1 Bc6 17. f3 Rd7 18. Bc4 Rad8 19. Ba5 Rc8 20. Bb3 Bh6+ 21. Kf2 Bd2 22. Bc3 Bxc3 23. Nxc3 e6 24. Ke3 Kf8 25. g4 Ke7 26. g5 Rdc7 27. f4 Bd7 28. e5 Rxc5 29. Ne4 Rc1 30. Rb2 Re1+ 31. Kd4 Bc6 32. Nd6 Rd8 33. Rd2 Re4+ 34. Kc3 Rxf4 35. a3 Rh4 36. Bc4 h6 37. gxh6 Rxh6 38. Bf1 Rh5 39. Re2 Rxd6 40. exd6+ Kxd6 41. Rf2 f5 42. Be2 Rh3+ 43. Kb4 g5 44. Bc4 Re3 45. Rd2+ Ke7 46. a4 g4 47. a5 f4 48. Kc5 Be4 49. Kd4 Re1 50. a6 bxa6 51. Ra2 Bh1 52. Rxa6 e5+ 53. Kc5 f3 54. Rxa7+ Kf8 55. Rf7+ Ke8 56. Kd6 Rd1+ 57. Ke6 Rc1 58. Bb5+ Kd8 59. Kd6 Rd1+ 60. Kc6 f2+ 61. Kb6 Bf3 62. Rf8+ Ke7 63. Re8+ Kf6 64. Rf8+ Kg5 65. Ba4 f1=Q 66. Rg8+ Kf4 0-1


[Site "https://www.chess.com"]

[Event "Titled Tuesday Blitz August 16 Late 2022"]
[White "Yurovskykh, Oleksandr"]
[Black "Van Dael, Siem"]
[WhiteFideId "14134020"]
[BlackFideId "1049771"]
[WhiteElo "2292"]
[BlackElo "2110"]
[Result "1-0"]
[Round "05"]
[TimeControl "180+1"]
[Date "2022.08.18"]
[WhiteClock "0:00:00"]
[BlackClock "0:00:00"]

1. d4 Nf6 2. Nf3 g6 3. Bg5 Bg7 4. Nbd2 d5 5. e3 O-O 6. Be2 Nbd7 7. O-O c6 8. c4 h6 9. Bh4 a6 10. Rc1 Qb6 11. Qc2 Re8 12. h3 e5 13. cxd5 Nxd5 14. Nc4 Qb4 15. a3 Qf8 16. dxe5 Nxe5 17. Nfxe5 Bxe5 18. Nxe5 Rxe5 19. Bg3 Bf5 20. Qb3 Ree8 21. Qxb7 Be4 22. Qb3 a5 23. f3 Bf5 24. e4 Bd7 25. exd5 Rxe2 26. dxc6 Be6 27. Qc3 Re8 28. Rfe1 Rxe1+ 29. Rxe1 Rc8 30. b4 axb4 31. axb4 Qd8 32. c7 Qd5 33. Rc1 Qg5 34. Kh2 h5 35. Be5 Kh7 36. b5 Bd5 37. b6 h4 38. Rd1 Bb7 39. Qd4 Re8 40. Bf4 Qf5 41. Rd2 Rc8 42. Qd6 g5 43. Be5 Re8 44. Bb2 f6 45. Qd4 Qf4+ 46. Qxf4 gxf4 47. Bxf6 Kg6 48. Bxh4 Rh8 49. Rd8 Rxh4 50. c8=Q Bxc8 51. Rxc8 Rh7 52. Rc7 Kf5 53. Rxh7 1-0


[Site "https://www.chess.com"]

[Event "Titled Tuesday Blitz August 16 Late 2022"]
[White "Zenin, Dmitry"]
[Black "Fernandez Hernandez, Gerardo"]
[WhiteFideId "4127897"]
[BlackFideId "2207400"]
[WhiteElo "2215"]
[BlackElo "2169"]
[Result "1-0"]
[Round "05"]
[TimeControl "180+1"]
[Date "2022.08.18"]
[WhiteClock "0:00:00"]
[BlackClock "0:00:00"]

1. d4 Nf6 2. c4 c5 3. d5 b5 4. cxb5 a6 5. bxa6 g6 6. Nc3 Bg7 7. Nf3 O-O 8. g3 d6 9. Bg2 Nxa6 10. O-O Qb6 11. Ne1 Nd7 12. Nc2 Ne5 13. Ne3 Qb4 14. a3 Qa5 15. Rb1 Bd7 16. Bd2 Qb6 17. b4 c4 18. Qc2 Rfc8 19. Rfc1 Ra7 20. h3 g5 21. Kh2 h6 22. Be4 Raa8 23. Bf5 Bxf5 24. Nxf5 Qc7 25. Be3 Nb8 26. a4 e6 27. Nd4 1-0


[Site "https://www.chess.com"]

[Event "Titled Tuesday Blitz August 16 Late 2022"]
[White "Abdyzhapar, Asylbek"]
[Black "Martinez, Shawn"]
[WhiteFideId "13800337"]
[BlackFideId "2039770"]
[WhiteElo "2323"]
[BlackElo "2174"]
[Result "1/2-1/2"]
[Round "06"]
[TimeControl "180+1"]
[Date "2022.08.18"]
[WhiteClock "0:00:00"]
[BlackClock "0:00:00"]

1. Nf3 g6 2. c4 Bg7 3. d4 b6 4. Nc3 h6 5. e4 d6 6. Be2 Bb7 7. O-O a6 8. Be3 e6 9. Nd2 Nd7 10. f4 Ne7 11. Bd3 f5 12. d5 Nc5 13. Bxc5 bxc5 14. dxe6 O-O 15. Nd5 Bxb2 16. Rb1 Bd4+ 17. Kh1 Bc6 18. Nf3 Bg7 19. exf5 Bxd5 20. cxd5 Nxf5 21. Qe2 Qe7 22. g4 Nd4 23. Nxd4 Bxd4 24. Bxg6 Qg7 25. e7 Qxg6 26. exf8=Q+ Rxf8 27. f5 Qg5 28. Rb7 Rf7 29. Rb8+ Kh7 30. Qe6 Re7 31. Rg8 Bg7 32. Rxg7+ Qxg7 33. f6 Rxe6 34. dxe6 Qxg4 35. f7 Qe4+ 36. Kg1 Qg4+ 37. Kf2 Qf4+ 38. Ke2 Qe4+ 39. Kd2 Qd4+ 40. Ke1 Qe3+ 41. Kd1 Qd3+ 42. Ke1 Qe3+ 43. Kd1 Qd3+ 44. Ke1 Qe3+ 1/2-1/2


[Site "https://www.chess.com"]

[Event "Titled Tuesday Blitz August 16 Late 2022"]
[White "Adewumi, Tanitoluwa"]
[Black "Yanchenko, Roman"]
[WhiteFideId "30966396"]
[BlackFideId "4137329"]
[WhiteElo "2570"]
[BlackElo "2514"]
[Result "0-1"]
[Round "06"]
[TimeControl "180+1"]
[Date "2022.08.16"]
[WhiteClock "0:00:03"]
[BlackClock "0:01:38"]

1. e4 e6 2. d4 d5 3. exd5 exd5 4. Bd3 c5 5. dxc5 Bxc5 6. Nf3 Nf6 7. O-O O-O 8. Bg5 h6 9. Bxf6 Qxf6 10. Nc3 Rd8 11. Nxd5 Rxd5 12. Bh7+ Kxh7 13. Qxd5 Bb6 14. c3 Nc6 15. Rad1 Be6 16. Qe4+ Bf5 17. Qc4 Re8 18. Rfe1 Rxe1+ 19. Rxe1 Bg6 20. Re2 Qd6 21. Rd2 Qf6 22. Qe2 Qf5 23. h3 Qb1+ 24. Rd1 Qxa2 25. Nh4 Qa4 26. Nxg6 fxg6 27. Rd7 Qf4 28. Rxb7 Ne5 29. Kf1 Nc4 30. g3 Qc1+ 31. Kg2 Nd6 32. Rd7 Nf5 33. c4 Qg5 34. Qg4 Qf6 35. b4 Qb2 36. c5 Ne3+ 37. Kf3 Nxg4 38. cxb6 Ne5+ 39. Kg2 Nxd7 0-1


[Site "https://www.chess.com"]

[Event "Titled Tuesday Blitz August 16 Late 2022"]
[White "Al Hosani, Omran"]
[Black "Dubov, Daniil"]
[WhiteFideId "9308733"]
[BlackFideId "24126055"]
[WhiteElo "2236"]
[BlackElo "2791"]
[Result "1-0"]
[Round "06"]
[TimeControl "180+1"]
[Date "2022.08.16"]
[WhiteClock "0:00:42"]
[BlackClock "0:00:33"]

1. d4 Nc6 2. c4 e5 3. d5 Bb4+ 4. Bd2 Bxd2+ 5. Qxd2 Nce7 6. e3 d6 7. Nc3 f5 8. f4 Nf6 9. Nf3 e4 10. Nd4 O-O 11. Be2 Bd7 12. O-O h6 13. b4 b6 14. c5 bxc5 15. bxc5 dxc5 16. Nb3 Be8 17. Nxc5 Bf7 18. Rfd1 Nexd5 19. Nxd5 Bxd5 20. Rac1 Qe7 21. Qa5 c6 22. Nb3 Rfc8 23. Nd4 g6 24. Ba6 Rc7 25. Bc4 Rd8 26. Nxc6 Rxc6 27. Rxd5 Nxd5 28. Bxd5+ Rxd5 29. Qxd5+ Re6 30. Rc6 Kf7 31. Qc4 Qe8 32. Rc7+ Kf8 33. Rc8 1-0


[Site "https://www.chess.com"]

[Event "Titled Tuesday Blitz August 16 Late 2022"]
[White "Aldokhin, Ivan"]
[Black "Krzyzanowski, Marcin"]
[WhiteFideId "24115720"]
[BlackFideId "1132199"]
[WhiteElo "2246"]
[BlackElo "2396"]
[Result "0-1"]
[Round "06"]
[TimeControl "180+1"]
[Date "2022.08.16"]
[WhiteClock "0:00:01"]
[BlackClock "0:02:00"]

1. e4 d5 2. Nc3 dxe4 3. Nxe4 Nf6 4. Ng5 c5 5. Bc4 e6 6. N1f3 Nc6 7. Qe2 h6 8. Ne4 Be7 9. d3 Nd4 10. Nxd4 cxd4 11. Nxf6+ Bxf6 12. Bd2 O-O 13. g4 b5 14. Bb3 a5 15. a3 Bb7 16. O-O-O Bxh1 17. Rxh1 a4 18. Ba2 b4 19. Bxb4 Be7 20. Bd2 Rb8 21. c4 dxc3 22. Bxc3 Bf6 23. Bxf6 Qxf6 24. Bc4 Rb6 25. h4 Rfb8 26. g5 hxg5 27. hxg5 Qxg5+ 28. Qd2 Qxd2+ 29. Kxd2 Rxb2+ 30. Ke3 g6 31. f4 Kg7 32. Kd4 Rd8+ 33. Ke4 Kf6 34. Rc1 Re2+ 35. Kf3 Rh2 36. Ke4 Rh4 37. Ke3 Kf5 38. Rf1 Rdh8 39. Bb5 Rh3+ 40. Kd4 R8h4 41. Bxa4 Rxf4+ 42. Rxf4+ Kxf4 43. Be8 e5+ 44. Kd5 Rxd3+ 0-1


[Site "https://www.chess.com"]

[Event "Titled Tuesday Blitz August 16 Late 2022"]
[White "Alexikov, Alexander"]
[Black "Rosenberg, Evan S"]
[WhiteFideId "14103958"]
[BlackFideId "2019299"]
[WhiteElo "2253"]
[BlackElo "1999"]
[Result "0-1"]
[Round "06"]
[TimeControl "180+1"]
[Date "2022.08.18"]
[WhiteClock "0:00:00"]
[BlackClock "0:00:00"]

1. e4 e6 2. d4 d5 3. Nc3 Bb4 4. Ne2 dxe4 5. a3 Bxc3+ 6. Nxc3 Nc6 7. Bb5 Bd7 8. Nxe4 Qh4 9. Nc5 O-O-O 10. Nxd7 Rxd7 11. Be3 Nge7 12. O-O Rd5 13. c4 Rh5 14. h3 Rd8 15. Qg4 Nxd4 16. Bxd4 Rxd4 17. Qxg7 c6 18. Rad1 Nf5 19. Qf8+ Qd8 20. Qxd8+ Kxd8 21. Ba4 Rg5 22. Bc2 Rxd1 23. Rxd1+ Kc7 24. g4 Nd6 25. b3 h5 26. f4 Rg7 27. g5 h4 28. Kf2 a5 29. c5 Nb5 30. a4 Nc3 31. Re1 Nd5 32. Kf3 Kd7 33. Kg4 f6 0-1


[Site "https://www.chess.com"]

[Event "Titled Tuesday Blitz August 16 Late 2022"]
[White "Ambartsumova, Karina"]
[Black "Salem, A.R. Saleh"]
[WhiteFideId "4166299"]
[BlackFideId "9301348"]
[WhiteElo "2262"]
[BlackElo "2674"]
[Result "0-1"]
[Round "06"]
[TimeControl "180+1"]
[Date "2022.08.16"]
[WhiteClock "0:00:38"]
[BlackClock "0:02:23"]

1. Nf3 d5 2. d4 e6 3. c4 Nf6 4. Nc3 Nbd7 5. cxd5 exd5 6. Bg5 h6 7. Bh4 c6 8. e3 Be7 9. Qc2 O-O 10. Bd3 Re8 11. O-O Ne4 12. Bxe7 Qxe7 13. Nd2 Nd6 14. Rae1 Nb6 15. Kh1 Qf6 16. f3 Be6 17. Nb3 Rad8 18. e4 dxe4 19. fxe4 Bxb3 20. Qxb3 Qxd4 21. Bb1 Nbc4 22. Rd1 Qb6 23. Qxb6 axb6 24. Rfe1 Nxb2 25. Rd4 Ndc4 26. Rxd8 Rxd8 27. Kg1 Ne5 28. Re2 Nbc4 29. Bc2 b5 30. Bb3 Rd3 31. Nd1 g6 32. Nf2 Rd4 33. h3 h5 34. h4 Kg7 35. g3 Nd2 36. Kg2 Nxb3 37. axb3 Rb4 38. Re3 c5 39. Nh3 c4 40. bxc4 bxc4 41. Nf4 Rb2+ 42. Kg1 b5 43. Nd5 b4 0-1


[Site "https://www.chess.com"]

[Event "Titled Tuesday Blitz August 16 Late 2022"]
[White "Ardila, Oscar Humberto"]
[Black "Yedidia, Daniel"]
[WhiteFideId "4404742"]
[BlackFideId "30905907"]
[WhiteElo "1939"]
[BlackElo "2054"]
[Result "0-1"]
[Round "06"]
[TimeControl "180+1"]
[Date "2022.08.18"]
[WhiteClock "0:00:00"]
[BlackClock "0:00:00"]

1. d4 Nf6 2. c4 e6 3. Nc3 Bb4 4. Bd2 d5 5. Nf3 O-O 6. e3 Bxc3 7. Bxc3 Ne4 8. Rc1 Nd7 9. Be2 a6 10. O-O Nxc3 11. bxc3 dxc4 12. Bxc4 b5 13. Bd3 Bb7 14. a4 c6 15. Qc2 h6 16. c4 bxc4 17. Bxc4 c5 18. Be2 Rc8 19. dxc5 Rxc5 20. Qb2 Qa8 21. Qd4 Rfc8 22. Rxc5 Nxc5 23. Rc1 Nb3 24. Rxc8+ Qxc8 25. Qb2 Qc1+ 26. Qxc1 Nxc1 27. Bc4 a5 28. Nd4 Bd5 29. Bxd5 exd5 30. Nc6 Ne2+ 31. Kf1 Nc3 32. Nxa5 Nxa4 33. Nc6 Nb6 34. Ke2 Kf8 35. Kd3 Ke8 36. Kd4 Kd7 37. Ne5+ Ke6 38. Nd3 Kd6 39. Nb4 Ke6 40. f4 g6 41. g4 Kd6 42. h3 Ke6 43. h4 Kd6 44. f5 gxf5 45. gxf5 h5 46. Nd3 Nd7 47. Nf4 Ne5 48. Nxh5 Nf3+ 49. Kd3 Ke5 50. Nf4 Nxh4 51. Ke2 Nxf5 52. Kf3 Ne7 53. Nh5 Ng6 54. Ng3 Kf6 55. Kg4 Ke5 56. Kf3 Nf8 57. Nh5 Ne6 58. Ng3 Ng5+ 59. Kg4 Ne4 60. Nf5 Nf2+ 61. Kf3 Kxf5 62. Kxf2 Ke4 63. Ke2 f5 64. Kf2 f4 65. exf4 Kxf4 66. Ke2 Ke4 67. Kd2 Kd4 68. Kc2 Ke3 69. Kc1 Ke2 70. Kc2 d4 0-1


[Site "https://www.chess.com"]

[Event "Titled Tuesday Blitz August 16 Late 2022"]
[White "Arnold, Ken"]
[Black "Winterberg, Lukas"]
[WhiteFideId "2056836"]
[BlackFideId "24622702"]
[WhiteElo "2391"]
[BlackElo "2349"]
[Result "1-0"]
[Round "06"]
[TimeControl "180+1"]
[Date "2022.08.18"]
[WhiteClock "0:00:00"]
[BlackClock "0:00:00"]

1. d4 Nf6 2. c4 e6 3. Nf3 d5 4. Nc3 Be7 5. cxd5 exd5 6. Bf4 O-O 7. e3 c6 8. h3 Re8 9. Bd3 a5 10. O-O Bd6 11. Rc1 Na6 12. Bxd6 Qxd6 13. Na4 Nb4 14. Nb6 Nxd3 15. Qxd3 Ra6 16. Nxc8 Rxc8 17. Rc2 Ne4 18. Rfc1 a4 19. Nd2 Nxd2 20. Qxd2 h6 21. Rc5 Raa8 22. b4 axb3 23. axb3 Qe6 24. Qc2 Ra6 25. b4 Rca8 26. b5 Ra2 27. Qd1 Qf5 28. Qf3 Qxf3 29. gxf3 Rb2 30. bxc6 bxc6 31. Rxc6 Raa2 32. Rc8+ Kh7 33. Rf1 Rb6 34. Kh2 Rf6 35. f4 Re6 36. Kg3 g5 37. fxg5 hxg5 38. Rd8 Ra5 39. Rh1 Kg6 40. h4 Re4 41. Rg8+ Kf6 42. Rxg5 Rb5 43. Kf3 Re7 44. Rhg1 Rc7 45. R1g4 Rc2 46. Rf4+ Ke7 47. Rgf5 Rbb2 48. Rxf7+ Ke8 49. Kg2 Rc1 50. R7f5 Re1 51. Rxd5 Rxe3 52. Re5+ Rxe5 53. dxe5 Ke7 54. Re4 Ke6 55. Kg3 Rb3+ 56. Re3 Rb1 57. f4 Rg1+ 58. Kf3 Rh1 59. Ke4 Rxh4 60. Rg3 Rh6 61. Rg6+ Kf7 62. Rxh6 1-0


[Site "https://www.chess.com"]

[Event "Titled Tuesday Blitz August 16 Late 2022"]
[White "Badmatsyrenov, Oleg"]
[Black "Bortnyk, Olexandr"]
[WhiteFideId "24115762"]
[BlackFideId "14120828"]
[WhiteElo "2403"]
[BlackElo "2723"]
[Result "1/2-1/2"]
[Round "06"]
[TimeControl "180+1"]
[Date "2022.08.16"]
[WhiteClock "0:00:10"]
[BlackClock "0:00:14"]

1. e4 Nf6 2. Nc3 d5 3. e5 Nfd7 4. Nxd5 Nxe5 5. Ne3 c5 6. Nf3 Nbc6 7. b3 g6 8. Bb2 Bg7 9. Nxe5 Nxe5 10. Bb5+ Bd7 11. Bxd7+ Qxd7 12. Rb1 O-O 13. O-O Rfd8 14. d3 b5 15. Qe2 Nc6 16. Bxg7 Kxg7 17. Rfe1 a5 18. a4 bxa4 19. bxa4 Nd4 20. Qd2 Qxa4 21. Qc3 Rac8 22. Rb7 Rd7 23. Rxd7 Qxd7 24. Qxa5 f6 25. h3 h5 26. Qa2 Rc6 27. Qd5 Qxd5 28. Nxd5 e5 29. c3 Ne6 30. Ra1 Nf4 31. Ra7+ Kf8 32. Nxf4 exf4 33. Kf1 Rd6 34. Ke2 Rd5 35. Rc7 g5 36. f3 h4 37. Kd2 Ke8 38. Ke2 Kd8 39. Rf7 Rd6 40. Kd2 Ra6 41. Ke1 Ke8 42. Rc7 Ra5 43. Ke2 Kd8 44. Rf7 Ra6 45. Ke1 Ra2 46. Kf1 Ra1+ 47. Ke2 Ra6 48. Ke1 1/2-1/2


[Site "https://www.chess.com"]

[Event "Titled Tuesday Blitz August 16 Late 2022"]
[White "Bilych, Olexiy"]
[Black "Naroditsky, Daniel"]
[WhiteFideId "14156504"]
[BlackFideId "2026961"]
[WhiteElo "2157"]
[BlackElo "2628"]
[Result "0-1"]
[Round "06"]
[TimeControl "180+1"]
[Date "2022.08.16"]
[WhiteClock "0:00:06"]
[BlackClock "0:00:02"]

1. e4 e5 2. Nf3 Nc6 3. Bc4 Nf6 4. d3 h6 5. O-O d6 6. a4 g5 7. a5 a6 8. c3 Bg7 9. Nbd2 g4 10. Ne1 h5 11. g3 Be6 12. Qb3 Qc8 13. Ng2 Ne7 14. Bxe6 fxe6 15. f4 Ng6 16. Nc4 O-O 17. fxe5 dxe5 18. Bg5 Qd7 19. Rad1 Nh7 20. Be3 Rxf1+ 21. Kxf1 Qb5 22. Qc2 h4 23. Nxh4 Nxh4 24. gxh4 Qe8 25. Bf2 Qh5 26. Bg3 Bf6 27. Kg2 Bxh4 28. Bxe5 Ng5 29. Qe2 Rf8 30. Rf1 Nf3 31. Bxc7 e5 32. Bxe5 Nxe5 33. Rxf8+ Kxf8 34. Nxe5 Qxe5 35. Qxg4 Bd8 36. Qd7 Qg5+ 37. Kf3 Qf6+ 38. Ke2 Qh4 39. Qxb7 Qxh2+ 40. Ke3 Qg1+ 41. Kf4 Qf2+ 42. Ke5 Bf6+ 43. Kd5 Qf4 44. Qc8+ Kg7 45. Qf5 Qc7 46. e5 Qxa5+ 47. Ke4 Be7 48. Qg4+ Kf8 49. Qc8+ Kg7 50. Qc6 Qa1 51. Qb7 Qh1+ 0-1


[Site "https://www.chess.com"]

[Event "Titled Tuesday Blitz August 16 Late 2022"]
[White "Bochnicka, Vladimir"]
[Black "Reprintsev, Alexander"]
[WhiteFideId "14943450"]
[BlackFideId "14100541"]
[WhiteElo "1939"]
[BlackElo "2108"]
[Result "0-1"]
[Round "06"]
[TimeControl "180+1"]
[Date "2022.08.18"]
[WhiteClock "0:00:00"]
[BlackClock "0:00:00"]

1. e4 d5 2. exd5 Qxd5 3. Nc3 Qa5 4. d4 Nf6 5. Nf3 Nc6 6. Bd2 a6 7. Bc4 Qh5 8. Ne5 Bg4 9. Nxg4 Qxg4 10. Qxg4 Nxg4 11. h3 Nf6 12. d5 Na5 13. Bd3 b6 14. O-O-O O-O-O 15. Bxa6+ Kb8 16. Bg5 h6 17. Bh4 g5 18. Bg3 Bg7 19. Rhe1 Rhe8 20. Bb5 Nd7 21. Bc6 Bxc3 22. bxc3 Kc8 23. Rd4 Nxc6 24. dxc6 Nb8 25. Rc4 f6 26. Re6 Rd6 27. Bxd6 cxd6 28. c7 Nd7 29. Rce4 Ne5 30. g3 Kd7 31. R6xe5 fxe5 32. Rc4 Rc8 33. Kd2 Rxc7 34. Rxc7+ Kxc7 35. Ke3 d5 36. f4 exf4+ 37. gxf4 gxf4+ 38. Kxf4 Kd6 39. Kf5 e5 40. h4 e4 41. Kf4 h5 42. c4 Kc5 43. cxd5 Kxd5 44. c3 b5 45. a3 Kc4 46. Kxe4 Kxc3 47. Kf5 Kb3 48. Kg5 Kxa3 49. Kxh5 b4 50. Kg6 b3 51. h5 b2 52. h6 b1=Q+ 53. Kg7 Qb2+ 54. Kg8 Qb8+ 55. Kg7 Qc7+ 56. Kg8 Qd8+ 57. Kg7 Qg5+ 58. Kh7 Kb4 0-1


[Site "https://www.chess.com"]

[Event "Titled Tuesday Blitz August 16 Late 2022"]
[White "Bogaudinov, Rushan"]
[Black "Yaksin, Oleg"]
[WhiteFideId "4129288"]
[BlackFideId "24105880"]
[WhiteElo "2040"]
[BlackElo "2256"]
[Result "1-0"]
[Round "06"]
[TimeControl "180+1"]
[Date "2022.08.18"]
[WhiteClock "0:00:00"]
[BlackClock "0:00:00"]

1. d4 f5 2. Nf3 Nf6 3. g3 g6 4. Bg2 Bg7 5. O-O O-O 6. b3 d6 7. Bb2 Qe8 8. c4 Na6 9. Nc3 Bd7 10. Re1 h6 11. a3 Qf7 12. d5 Ne4 13. Qc2 Nac5 14. b4 Nxc3 15. Bxc3 Ne4 16. Bxg7 Qxg7 17. Rac1 a5 18. Nd2 axb4 19. axb4 Nxd2 20. Qxd2 Ra3 21. c5 Bb5 22. e4 fxe4 23. Bxe4 Kh7 24. h4 h5 25. Qg5 Qf6 26. Qxf6 exf6 27. cxd6 cxd6 28. Rc7+ Kh6 29. Rxb7 Bc4 30. Rc1 Bd3 31. Rcc7 Rh8 32. Bxd3 Rxd3 33. Rb5 Rd4 34. Rd7 g5 35. hxg5+ Kxg5 36. Rxd6 h4 37. gxh4+ Rhxh4 38. Re6 Rd1+ 39. Kg2 Rg4+ 40. Kf3 Rd3+ 41. Ke2 Rgd4 42. d6+ Kg6 43. Rb6 Kf5 44. d7 Rd2+ 45. Kf1 Rd1+ 46. Kg2 Rxd7 47. Rxf6+ Kg5 48. Rf3 1-0


[Site "https://www.chess.com"]

[Event "Titled Tuesday Blitz August 16 Late 2022"]
[White "Carbone, Diego"]
[Black "Sanchez, Robert"]
[WhiteFideId "3002179"]
[BlackFideId "2034360"]
[WhiteElo "2199"]
[BlackElo "1966"]
[Result "1-0"]
[Round "06"]
[TimeControl "180+1"]
[Date "2022.08.18"]
[WhiteClock "0:00:00"]
[BlackClock "0:00:00"]

1. d4 d5 2. c4 e6 3. Nc3 Nf6 4. cxd5 exd5 5. Bg5 Be7 6. e3 O-O 7. Qc2 c6 8. Bd3 h6 9. Bh4 Re8 10. Nge2 Ne4 11. Bxe7 Qxe7 12. Bxe4 dxe4 13. O-O Nd7 14. Rfd1 Nf6 15. d5 Bg4 16. dxc6 Rac8 17. cxb7 Qxb7 18. Rd4 Qa6 19. Ng3 Qe6 20. h3 Bf5 21. Rad1 Bh7 22. Qa4 a6 23. Rd6 Qe5 24. Rxa6 Rcd8 25. Rxd8 Rxd8 26. Ra8 Qd6 27. Rxd8+ Qxd8 28. Qd4 Qa8 29. a4 Bg6 30. b4 h5 31. b5 h4 32. Nge2 Bh5 33. Nf4 1-0


[Site "https://www.chess.com"]

[Event "Titled Tuesday Blitz August 16 Late 2022"]
[White "Chigaev, Maksim"]
[Black "Putnam, Liam"]
[WhiteFideId "4108116"]
[BlackFideId "30938279"]
[WhiteElo "2487"]
[BlackElo "2035"]
[Result "1-0"]
[Round "06"]
[TimeControl "180+1"]
[Date "2022.08.16"]
[WhiteClock "0:02:32"]
[BlackClock "0:00:27"]

1. e4 c5 2. Nf3 d6 3. d4 cxd4 4. Nxd4 Nf6 5. Nc3 g6 6. Be3 Bg7 7. f3 O-O 8. Bc4 Nc6 9. Bb3 Bd7 10. h4 Nxd4 11. Bxd4 b5 12. h5 Nxh5 13. Bxg7 Kxg7 14. Qd2 b4 15. Ne2 a5 16. g4 Nf6 17. Qh6+ Kg8 18. g5 Nh5 19. Rxh5 gxh5 20. g6 hxg6 21. Qxg6+ Kh8 22. Qxh5+ Kg7 23. Qg5+ Kh7 24. Kd2 1-0


[Site "https://www.chess.com"]

[Event "Titled Tuesday Blitz August 16 Late 2022"]
[White "Claverie, Christophe"]
[Black "Djordjevic, Vuk"]
[WhiteFideId "605514"]
[BlackFideId "902098"]
[WhiteElo "2300"]
[BlackElo "2456"]
[Result "1-0"]
[Round "06"]
[TimeControl "180+1"]
[Date "2022.08.16"]
[WhiteClock "0:00:08"]
[BlackClock "0:00:02"]

1. d4 Nf6 2. Bg5 d5 3. Bxf6 exf6 4. e3 Be6 5. Ne2 c6 6. Nf4 Qb6 7. Qc1 Nd7 8. Nxe6 fxe6 9. c4 c5 10. dxc5 Nxc5 11. Nc3 Rc8 12. Qd2 dxc4 13. Bxc4 Ne4 14. Nxe4 Rxc4 15. Nc3 Bb4 16. O-O Qc6 17. Rac1 Bxc3 18. Rxc3 Rxc3 19. bxc3 O-O 20. Qd4 a6 21. c4 Rc8 22. Rc1 Rc7 23. h3 Rd7 24. Qg4 Rd2 25. a4 g6 26. c5 Rd5 27. Qb4 Rg5 28. e4 h5 29. Qd4 Kf7 30. Rb1 Rxc5 31. Rxb7+ Qxb7 32. Qxc5 g5 33. e5 f5 34. Qd6 h4 35. Qd8 Qe7 36. Qb6 Qd7 37. Qxa6 Qd4 38. Qd6 Qxa4 39. Qc7+ Kg6 40. Kh2 Qd4 41. Qb8 Qf4+ 42. Kg1 Qc1+ 43. Kh2 Qf4+ 44. Kg1 Qc1+ 45. Kh2 f4 46. Qg8+ Kf5 47. Qh7+ Kxe5 48. Qg7+ Kf5 49. Qf7+ Ke5 50. Qg7+ Kd6 51. Qxg5 e5 52. Qxh4 Qc2 53. f3 Qf5 54. Qh6+ Kd5 55. h4 e4 56. fxe4+ Qxe4 57. Qg5+ Ke6 58. h5 Qe3 59. Qg4+ Kf6 60. h6 1-0


[Site "https://www.chess.com"]

[Event "Titled Tuesday Blitz August 16 Late 2022"]
[White "Coelho, Ramyres Santana"]
[Black "Barria Zuniga, Daniel"]
[WhiteFideId "2120690"]
[BlackFideId "3400816"]
[WhiteElo "1888"]
[BlackElo "2414"]
[Result "0-1"]
[Round "06"]
[TimeControl "180+1"]
[Date "2022.08.18"]
[WhiteClock "0:00:00"]
[BlackClock "0:00:00"]

1. e4 c5 2. Nf3 e6 3. d4 cxd4 4. Nxd4 a6 5. Bd3 Qa5+ 6. Nc3 Nf6 7. O-O g6 8. Bd2 Qc7 9. Qe2 d6 10. Kh1 Bg7 11. f4 O-O 12. e5 dxe5 13. fxe5 Nfd7 14. Nf3 Nc6 15. Bf4 Ndxe5 16. Rae1 f6 17. Nxe5 fxe5 18. Bg3 Bd7 19. Ne4 Nd4 20. Qd1 Nf5 21. Bf2 Bc6 0-1


[Site "https://www.chess.com"]

[Event "Titled Tuesday Blitz August 16 Late 2022"]
[White "Csonka, Balazs"]
[Black "Martic, Ivan"]
[WhiteFideId "742910"]
[BlackFideId "929301"]
[WhiteElo "2404"]
[BlackElo "2355"]
[Result "0-1"]
[Round "06"]
[TimeControl "180+1"]
[Date "2022.08.16"]
[WhiteClock "0:00:03"]
[BlackClock "0:00:27"]

1. Nf3 Nf6 2. c4 g6 3. d4 Bg7 4. g3 O-O 5. Bg2 d5 6. cxd5 Nxd5 7. O-O Nb6 8. Nc3 Nc6 9. e3 Re8 10. Nh4 Bd7 11. f4 Qc8 12. b3 Bh3 13. Bb2 Bxg2 14. Kxg2 a5 15. a4 Nb4 16. Ne4 N6d5 17. Bc1 Qe6 18. Qf3 b6 19. f5 Qc6 20. Ra2 Rf8 21. Raf2 Nd3 22. Ba3 Nxf2 23. Rxf2 Rae8 24. g4 g5 25. Nxg5 Nxe3+ 26. Kh3 Qxf3+ 27. Nhxf3 Nd5 28. Rc2 Rc8 29. Kg3 Rfd8 30. h4 c5 31. dxc5 bxc5 32. Rxc5 Rxc5 33. Bxc5 Rb8 34. Nd4 Bxd4 35. Bxd4 Rxb3+ 36. Nf3 Ra3 37. g5 Rxa4 38. h5 Ra3 39. g6 fxg6 40. hxg6 hxg6 41. fxg6 a4 42. Kg4 Rd3 43. Ba1 a3 44. Nh4 Rd1 45. Be5 e6 46. Nf3 a2 47. Ng5 a1=Q 48. Bxa1 Rxa1 49. Nxe6 Ne7 50. Kg5 Rg1+ 51. Kf6 Nxg6 52. Ng5 Nf8 53. Ne4 Rf1+ 54. Ke5 Kf7 55. Nd6+ Ke7 56. Nf5+ Kd7 57. Nd4 Ng6+ 58. Kd5 Rd1 59. Ke4 Ne7 60. Nf3 Ra1 61. Nd4 Ra4 62. Kd3 Nd5 63. Nf5 Rf4 64. Nd4 Rh4 65. Kc4 Ne7 66. Kd3 Nc6 67. Nf3 Rf4 68. Ke3 Rf5 69. Ke4 Ra5 70. Nd2 Ke6 71. Nc4 Ra4 72. Kd3 Ne5+ 73. Nxe5 Kxe5 0-1


[Site "https://www.chess.com"]

[Event "Titled Tuesday Blitz August 16 Late 2022"]
[White "D`Arruda, Ricardo D."]
[Black "Senthil Maran K"]
[WhiteFideId "100692"]
[BlackFideId "25035681"]
[WhiteElo "2271"]
[BlackElo "2124"]
[Result "0-1"]
[Round "06"]
[TimeControl "180+1"]
[Date "2022.08.18"]
[WhiteClock "0:00:00"]
[BlackClock "0:00:00"]

1. d4 Nf6 2. Nf3 d5 3. Nbd2 g6 4. g3 Bg7 5. Bg2 O-O 6. O-O Ne4 7. c3 f5 8. Ne5 Nd7 9. Nxd7 Bxd7 10. f3 Nxd2 11. Bxd2 c6 12. e4 Be6 13. e5 c5 14. Be3 c4 15. Qd2 b5 16. b4 cxb3 17. axb3 a5 18. Ra2 Qc7 19. Rfa1 Rfc8 20. Bf1 Bd7 21. Rc1 e6 22. c4 dxc4 23. bxc4 b4 24. c5 b3 25. Raa1 Qb7 26. Qb2 Qxf3 27. Qxb3 a4 28. Qc3 Bc6 29. Bf4 Qh1+ 30. Kf2 Qxh2+ 31. Ke1 Rcb8 32. Rc2 Qh5 33. Rb2 g5 34. Bd2 Rxb2 35. Qxb2 Qf3 36. Qc3 Qe4+ 37. Qe3 h6 38. Qxe4 Bxe4 39. Bc4 Kf7 40. Bb4 Bf8 41. Kd2 Bc6 42. Ba3 h5 43. Rb1 Be7 44. Rb6 Rc8 45. Ba6 Rc7 46. Bb5 Bxb5 47. Rxb5 h4 48. gxh4 gxh4 49. Ke3 Rc8 50. Kf3 Rg8 51. Kf2 Rg3 52. Bc1 Rb3 53. Ra5 Rb4 54. Ra7 Rxd4 55. Bg5 Kg6 56. Bxe7 h3 57. c6 Rd2+ 58. Kg1 Rc2 59. c7 f4 60. Bd6 Kf5 61. Rxa4 f3 62. Ra8 h2+ 63. Kh1 f2 64. Rf8+ Ke4 65. Rf7 Ke3 66. Bc5+ Rxc5 67. Kxh2 Rxc7 68. Rxc7 f1=Q 69. Rg7 Ke4 70. Rg5 Kf4 71. Rh5 Qf2+ 72. Kh3 Qf3+ 73. Kh4 Qg4# 0-1


[Site "https://www.chess.com"]